General information
- name: BNet
- type: Ladder team game (AT/RT)
- host: Battle.net
- saver: DOGSANDHORSE.RU
map: Highperch
- players: 6
- length: 31:31
- speed: Fast
- version: 1.24 W3XP
- replay type:

» download(285 KB)
Players
team 1 (loser)
4Ru.eMpt1 (
purple | 97 APM | 3065 actions | 31:29)
4 Demon Hunter
2 Mana Burn
2 Evasion
4 Keeper of the Grove
2 Entangling Roots
2 Force of Nature
» actions
| Assign group hotkey | 43 | |
| Basic commands | 3 | |
| Build / train | 68 | |
| Enter build submenu | 19 | |
| Enter hero's abilities submenu | 8 | |
| Remove unit from queue | 1 | |
| Right click | 1500 | |
| Select / deselect | 390 | |
| Select group hotkey | 902 | |
| Use ability | 131 | |
3065 total
» units
| Wisp | 20 | |
| Archer | 6 | |
| Dryad | 7 | |
| Chimaera | 6 | |
| Glaive Thrower | 3 | |
42 total
» upgrades
| Strength of the Wild | 2 | |
| Corrosive Breath | 1 | |
| Druid of the Claw Training | 1 | |
| Vorpal Blades | 1 | |
| Ultravision | 1 | |
6 total
» buildings
| Altar of Elders | 3 | |
| Moon Well | 4 | |
| Ancient of War | 1 | |
| Tree of Ages | 1 | |
| Hunter's Hall | 1 | |
| Ancient of Wonders | 1 | |
| Ancient of Lore | 2 | |
| Ancient of Wind | 1 | |
| Tree of Eternity | 1 | |
| Chimaera Roost | 2 | |
| Tree of Life | 1 | |
18 total
» build order
00:14 Altar of Elders
00:18 Moon Well
00:47 Ancient of War
01:45 Moon Well
04:34 Tree of Ages
05:13 Hunter's Hall
05:16 Ancient of Wonders
07:00 Ancient of Lore
07:03 Ancient of Lore
07:34 Ancient of Wind
07:40 Tree of Eternity
10:09 Chimaera Roost
10:12 Chimaera Roost
11:22 Moon Well
11:26 Tree of Life
12:31 Moon Well
28:15 Altar of Elders
29:25 Altar of Elders
» items
| Potion of Healing | 3 | |
| Orb of Venom | 1 | |
| Scroll of Town Portal | 1 | |
| Potion of Mana | 1 | |
| Dust of Appearance | 1 | |
7 total

»
4Ru.KpacTu (
yellow | 85 APM | 2678 actions | 31:25)
4 Death Knight
2 Death Coil
2 Unholy Aura
» actions
| Assign group hotkey | 197 | |
| Basic commands | 7 | |
| Build / train | 134 | |
| Enter build submenu | 13 | |
| Enter hero's abilities submenu | 5 | |
| Remove unit from queue | 2 | |
| Right click | 1377 | |
| Select / deselect | 396 | |
| Select group hotkey | 468 | |
| Use ability | 79 | |
2678 total
» units
| Acolyte | 2 | |
| Ghoul | 2 | |
| Crypt Fiend | 4 | |
| Gargoyle | 83 | |
| Meatwagon | 2 | |
| Obsidian Statue | 2 | |
95 total
» upgrades
| Creature Attack | 2 | |
| Creature Carapace | 2 | |
| Stone Form | 1 | |
| Disease Cloud | 1 | |
6 total
» buildings
| Graveyard | 1 | |
| Crypt | 3 | |
| Ziggurat | 5 | |
| Altar of Darkness | 1 | |
| Tomb of Relics | 1 | |
| Nerubian Tower | 3 | |
| Halls of the Dead | 2 | |
| Black Citadel | 3 | |
| Slaughterhouse | 2 | |
21 total
» build order
00:37 Graveyard
00:42 Crypt
00:45 Ziggurat
00:57 Altar of Darkness
01:29 Tomb of Relics
01:51 Ziggurat
02:49 Nerubian Tower
02:49 Nerubian Tower
02:49 Nerubian Tower
04:23 Ziggurat
05:01 Halls of the Dead
05:01 Halls of the Dead
05:05 Ziggurat
06:44 Crypt
07:40 Crypt
07:48 Ziggurat
18:54 Black Citadel
18:54 Black Citadel
18:54 Black Citadel
22:47 Slaughterhouse
22:49 Slaughterhouse
» items
| Rod of Necromancy | 3 | |
| Potion of Healing | 2 | |
5 total
4Ru.SpeeD1 (
red | 97 APM | 3045 actions | 31:23)
5 Dark Ranger
3 Black Arrow
2 Silence
» actions
| Assign group hotkey | 35 | |
| Basic commands | 1 | |
| Build / train | 89 | |
| Enter build submenu | 21 | |
| Enter hero's abilities submenu | 5 | |
| Right click | 2088 | |
| Select / deselect | 481 | |
| Select group hotkey | 237 | |
| Use ability | 88 | |
3045 total
» units
| Peasant | 11 | |
| Rifleman | 16 | |
| Mortar Team | 14 | |
| Dragonhawk Rider | 9 | |
50 total
» upgrades
| Lumber Harvesting | 1 | |
| Long Rifles | 1 | |
| Flare | 1 | |
| Cloud | 1 | |
| Fragmentation Shards | 1 | |
| Gunpowder | 3 | |
| Armor | 1 | |
9 total
» buildings
| Blacksmith | 2 | |
| Barracks | 1 | |
| Farm | 10 | |
| Altar of Kings | 1 | |
| Scout Tower | 3 | |
| Keep | 3 | |
| Lumber Mill | 1 | |
| Arcane Vault | 1 | |
| Arcane Tower | 1 | |
| Workshop | 1 | |
| Castle | 4 | |
| Gryphon Aviary | 1 | |
29 total
» build order
00:11 Blacksmith
00:22 Barracks
00:28 Farm
00:56 Farm
01:31 Farm
02:02 Altar of Kings
02:19 Farm
03:31 Scout Tower
03:32 Scout Tower
04:01 Keep
04:01 Keep
04:01 Keep
04:24 Scout Tower
04:57 Lumber Mill
05:03 Arcane Vault
05:23 Arcane Tower
05:36 Farm
05:36 Farm
06:22 Blacksmith
07:16 Workshop
08:20 Farm
08:22 Castle
08:22 Castle
09:11 Gryphon Aviary
13:03 Farm
13:04 Farm
13:05 Farm
team 2 (winner)
DOGSANDHORSE.RU (
green | 123 APM | 3878 actions | 31:31)
4 Blademaster
2 Wind Walk
2 Critical Strike
» actions
| Assign group hotkey | 21 | |
| Basic commands | 11 | |
| Build / train | 108 | |
| Enter build submenu | 38 | |
| Enter hero's abilities submenu | 4 | |
| Remove unit from queue | 12 | |
| Right click | 2804 | |
| Select / deselect | 332 | |
| Select group hotkey | 333 | |
| Use ability | 215 | |
3878 total
» units
» upgrades
| Ranged Weapons | 3 | |
| Liquid Fire | 1 | |
| Armor | 1 | |
5 total
» buildings
| Altar of Storms | 1 | |
| Orc Burrow | 5 | |
| Voodoo Lounge | 2 | |
| War Mill | 2 | |
| Watch Tower | 15 | |
| Stronghold | 2 | |
| Beastiary | 6 | |
| Fortress | 1 | |
| Great Hall | 1 | |
35 total
» build order
00:12 Altar of Storms
00:21 Orc Burrow
01:03 Orc Burrow
01:14 Voodoo Lounge
03:12 Voodoo Lounge
03:31 War Mill
04:24 Orc Burrow
04:29 Orc Burrow
05:02 Watch Tower
05:34 Watch Tower
05:55 Watch Tower
06:44 Watch Tower
06:51 Watch Tower
07:18 Watch Tower
07:18 Stronghold
07:18 Stronghold
07:35 Orc Burrow
07:38 Watch Tower
07:40 Watch Tower
08:31 Watch Tower
10:14 Beastiary
10:14 Beastiary
10:16 Beastiary
10:19 Beastiary
10:19 Beastiary
10:24 Watch Tower
10:46 War Mill
10:54 Watch Tower
11:03 Fortress
18:42 Great Hall
19:12 Watch Tower
19:42 Watch Tower
19:44 Watch Tower
19:48 Watch Tower
» items
| Healing Salve | 4 | |
| Lesser Clarity Potion | 16 | |
| Boots of Speed | 1 | |
| Orb of Lightning | 1 | |
| Potion of Healing | 1 | |
| Potion of Lesser Invulnerability | 1 | |
24 total
John-Coldtrain (
teal | 127 APM | 4009 actions | 31:30)
4 Mountain King
2 Storm Bolt
2 Bash
3 Paladin
2 Holy Light
1 Divine Shield
1 Pandaren Brewmaster
1 Breath of Fire
» actions
| Assign group hotkey | 231 | |
| Basic commands | 8 | |
| Build / train | 133 | |
| ESC pressed | 13 | |
| Enter build submenu | 85 | |
| Enter hero's abilities submenu | 8 | |
| Give item / drop item | 4 | |
| Right click | 2286 | |
| Select / deselect | 541 | |
| Select group hotkey | 435 | |
| Use ability | 265 | |
4009 total
» units
» upgrades
| Masonry | 3 | |
| Lumber Harvesting | 2 | |
| Swords | 1 | |
| Armor | 1 | |
| Magic Sentry | 1 | |
8 total
» buildings
| Altar of Kings | 1 | |
| Farm | 6 | |
| Scout Tower | 89 | |
| Lumber Mill | 1 | |
| Arcane Tower | 4 | |
| Guard Tower | 60 | |
| Keep | 3 | |
| Blacksmith | 1 | |
| Barracks | 3 | |
| Arcane Vault | 2 | |
| Castle | 3 | |
| Town Hall | 1 | |
| Gryphon Aviary | 3 | |
| Arcane Sanctum | 1 | |
178 total
» build order
00:02 Altar of Kings
00:27 Farm
01:02 Scout Tower
01:02 Scout Tower
01:24 Lumber Mill
01:30 Arcane Tower
01:54 Arcane Tower
01:54 Arcane Tower
02:04 Scout Tower
02:08 Scout Tower
02:18 Farm
02:35 Guard Tower
02:35 Guard Tower
02:36 Guard Tower
02:39 Guard Tower
02:39 Guard Tower
02:41 Scout Tower
02:41 Scout Tower
03:11 Scout Tower
03:12 Scout Tower
03:12 Guard Tower
03:13 Guard Tower
03:17 Guard Tower
03:17 Guard Tower
03:17 Guard Tower
03:17 Guard Tower
03:55 Guard Tower
03:55 Guard Tower
03:57 Scout Tower
03:57 Scout Tower
04:29 Scout Tower
04:31 Scout Tower
04:32 Scout Tower
04:41 Guard Tower
05:01 Guard Tower
05:01 Guard Tower
05:01 Guard Tower
05:20 Scout Tower
05:22 Scout Tower
05:27 Guard Tower
05:32 Keep
05:32 Keep
05:32 Keep
06:57 Blacksmith
07:04 Farm
07:05 Farm
07:05 Farm
07:06 Farm
07:08 Barracks
07:09 Barracks
07:30 Guard Tower
07:31 Guard Tower
08:06 Arcane Vault
08:12 Scout Tower
08:13 Scout Tower
08:15 Scout Tower
08:16 Scout Tower
08:17 Scout Tower
09:02 Guard Tower
09:10 Castle
09:10 Castle
09:11 Castle
09:19 Scout Tower
09:20 Scout Tower
09:21 Scout Tower
09:22 Scout Tower
09:23 Scout Tower
09:25 Scout Tower
09:51 Guard Tower
10:12 Guard Tower
10:12 Guard Tower
10:12 Guard Tower
10:17 Scout Tower
10:18 Scout Tower
10:22 Guard Tower
10:22 Guard Tower
10:23 Guard Tower
10:24 Guard Tower
10:25 Guard Tower
10:54 Guard Tower
11:35 Town Hall
12:53 Scout Tower
12:54 Scout Tower
12:54 Scout Tower
14:36 Scout Tower
14:36 Scout Tower
14:39 Scout Tower
14:40 Scout Tower
14:41 Scout Tower
14:42 Scout Tower
14:59 Arcane Vault
15:19 Scout Tower
15:22 Scout Tower
15:24 Scout Tower
15:25 Scout Tower
15:30 Guard Tower
15:35 Scout Tower
15:36 Scout Tower
15:38 Scout Tower
15:39 Scout Tower
15:41 Scout Tower
15:42 Guard Tower
16:20 Guard Tower
17:09 Guard Tower
17:10 Scout Tower
17:11 Scout Tower
17:11 Scout Tower
17:12 Scout Tower
17:13 Scout Tower
17:14 Scout Tower
17:18 Gryphon Aviary
17:18 Gryphon Aviary
17:21 Barracks
17:31 Guard Tower
17:31 Guard Tower
17:38 Scout Tower
17:39 Scout Tower
17:40 Scout Tower
17:42 Scout Tower
18:35 Guard Tower
18:36 Guard Tower
18:36 Guard Tower
18:59 Gryphon Aviary
19:02 Arcane Sanctum
19:11 Guard Tower
19:14 Scout Tower
19:15 Scout Tower
19:16 Scout Tower
19:17 Scout Tower
20:00 Guard Tower
20:47 Scout Tower
20:48 Scout Tower
20:49 Scout Tower
20:50 Scout Tower
20:51 Scout Tower
20:52 Scout Tower
20:53 Scout Tower
20:54 Scout Tower
20:55 Scout Tower
20:55 Scout Tower
20:56 Scout Tower
21:12 Guard Tower
21:12 Guard Tower
21:33 Guard Tower
21:51 Guard Tower
21:52 Guard Tower
22:35 Guard Tower
23:16 Guard Tower
23:18 Scout Tower
23:19 Scout Tower
23:20 Scout Tower
23:21 Scout Tower
23:22 Scout Tower
23:23 Scout Tower
23:24 Scout Tower
23:25 Scout Tower
25:10 Guard Tower
25:10 Guard Tower
25:48 Scout Tower
25:48 Scout Tower
25:50 Scout Tower
25:51 Scout Tower
25:52 Scout Tower
25:55 Scout Tower
25:56 Scout Tower
25:58 Scout Tower
25:59 Scout Tower
26:00 Scout Tower
27:20 Guard Tower
27:21 Guard Tower
27:21 Guard Tower
» items
| Lesser Clarity Potion | 4 | |
| Scroll of Speed | 2 | |
| Orb of Lightning | 3 | |
| Healing Salve | 3 | |
| Staff of Sanctuary | 2 | |
14 total
Often-A-Bird (
pink | 136 APM | 4279 actions | 31:30)
5 Beastmaster
3 Summon Quilbeast
2 Summon Bear
2 Pit Lord
1 Rain of Fire
1 Cleaving Attack
» actions
| Assign group hotkey | 565 | |
| Build / train | 187 | |
| Enter build submenu | 79 | |
| Enter hero's abilities submenu | 7 | |
| Give item / drop item | 3 | |
| Remove unit from queue | 5 | |
| Right click | 2003 | |
| Select / deselect | 959 | |
| Select group hotkey | 145 | |
| Use ability | 326 | |
4279 total
» units
| Peasant | 49 | |
| Footman | 7 | |
| Rifleman | 2 | |
58 total
» upgrades
| Masonry | 3 | |
| Lumber Harvesting | 1 | |
4 total
» buildings
| Altar of Kings | 1 | |
| Farm | 5 | |
| Scout Tower | 59 | |
| Barracks | 1 | |
| Lumber Mill | 1 | |
| Arcane Tower | 2 | |
| Guard Tower | 77 | |
| Blacksmith | 1 | |
| Arcane Vault | 3 | |
| Keep | 2 | |
| Town Hall | 3 | |
| Castle | 1 | |
156 total
» build order
00:06 Altar of Kings
00:42 Farm
01:02 Scout Tower
01:21 Barracks
01:52 Lumber Mill
01:56 Arcane Tower
01:56 Arcane Tower
01:58 Scout Tower
02:01 Scout Tower
02:03 Farm
02:35 Scout Tower
02:40 Farm
03:07 Guard Tower
03:07 Guard Tower
03:07 Guard Tower
03:08 Guard Tower
03:09 Scout Tower
03:12 Scout Tower
04:04 Guard Tower
04:08 Blacksmith
04:24 Arcane Vault
04:31 Farm
05:14 Scout Tower
05:15 Scout Tower
05:28 Scout Tower
05:29 Scout Tower
06:19 Guard Tower
06:20 Scout Tower
06:20 Scout Tower
06:55 Guard Tower
06:55 Guard Tower
06:56 Guard Tower
07:07 Guard Tower
07:12 Scout Tower
07:13 Scout Tower
07:13 Scout Tower
07:40 Farm
08:00 Guard Tower
08:01 Guard Tower
08:28 Guard Tower
08:30 Scout Tower
08:30 Scout Tower
08:53 Scout Tower
08:54 Scout Tower
08:54 Scout Tower
08:56 Scout Tower
09:17 Guard Tower
09:17 Guard Tower
09:32 Guard Tower
09:32 Guard Tower
09:53 Scout Tower
09:53 Scout Tower
10:08 Scout Tower
10:09 Scout Tower
10:13 Keep
10:13 Keep
10:41 Guard Tower
10:41 Guard Tower
10:55 Guard Tower
10:55 Guard Tower
11:19 Town Hall
11:34 Guard Tower
11:34 Guard Tower
13:03 Scout Tower
13:03 Scout Tower
13:30 Guard Tower
13:30 Guard Tower
13:34 Scout Tower
13:35 Scout Tower
13:38 Scout Tower
14:23 Guard Tower
15:37 Guard Tower
16:34 Scout Tower
16:56 Scout Tower
16:57 Scout Tower
18:34 Guard Tower
18:34 Guard Tower
18:34 Guard Tower
18:41 Town Hall
18:55 Guard Tower
19:31 Guard Tower
19:31 Guard Tower
19:33 Guard Tower
19:33 Guard Tower
20:16 Town Hall
21:45 Castle
22:38 Scout Tower
22:59 Scout Tower
23:00 Scout Tower
23:05 Guard Tower
23:05 Guard Tower
23:07 Scout Tower
23:07 Scout Tower
23:08 Scout Tower
24:00 Guard Tower
24:27 Guard Tower
24:27 Guard Tower
26:11 Scout Tower
26:13 Scout Tower
27:05 Guard Tower
27:06 Scout Tower
27:07 Arcane Vault
27:36 Arcane Vault
27:37 Guard Tower
27:37 Guard Tower
29:09 Scout Tower
29:09 Scout Tower
29:10 Scout Tower
29:10 Scout Tower
29:11 Scout Tower
29:54 Guard Tower
29:54 Guard Tower
29:56 Scout Tower
29:57 Scout Tower
29:58 Scout Tower
30:07 Guard Tower
30:08 Guard Tower
30:08 Scout Tower
30:09 Scout Tower
30:48 Guard Tower
30:48 Guard Tower
30:48 Guard Tower
30:49 Scout Tower
30:50 Scout Tower
30:50 Scout Tower
30:58 Scout Tower
30:59 Scout Tower
30:59 Scout Tower
31:00 Scout Tower
31:11 Guard Tower
31:12 Guard Tower
31:16 Guard Tower
31:16 Guard Tower
» items
| Healing Salve | 5 | |
| Lesser Clarity Potion | 9 | |
| Orb of Lightning | 1 | |
| Boots of Speed | 2 | |
| Staff of Teleportation | 1 | |
| Periapt of Vitality | 2 | |
| Circlet of Nobility | 2 | |
| Staff of Sanctuary | 2 | |
24 total
Chat log
(25:47 / All) DOGSANDHORSE.RU: WOW
(25:47 / All) DOGSANDHORSE.RU: WOW
(25:48 / All) DOGSANDHORSE.RU: WOW
(25:48 / All) DOGSANDHORSE.RU: WOW
(25:49 / All) DOGSANDHORSE.RU: WOW
(25:50 / All) DOGSANDHORSE.RU: WOW
(25:50 / All) DOGSANDHORSE.RU: WOW
(28:09 / All) DOGSANDHORSE.RU: cloud d
(28:11 / All) DOGSANDHORSE.RU: doesn't
(28:12 / All) DOGSANDHORSE.RU: work
(28:12 / All) DOGSANDHORSE.RU: on
(28:13 / All) DOGSANDHORSE.RU: bats
(28:18 / All) DOGSANDHORSE.RU: try "Lasso" yeeha
(29:11 / All) DOGSANDHORSE.RU: CANCEL
(29:12 / All) DOGSANDHORSE.RU: ALTAR
(29:15 / All) DOGSANDHORSE.RU: WOW
(29:15 / All) DOGSANDHORSE.RU: WOW
(29:16 / All) DOGSANDHORSE.RU: WOW
(29:16 / All) DOGSANDHORSE.RU: WOW
(29:17 / All) DOGSANDHORSE.RU: WOW
(29:17 / All) DOGSANDHORSE.RU: WOW
(30:19 / All) DOGSANDHORSE.RU: CANCEL
(30:20 / All) DOGSANDHORSE.RU: ALTAR
(30:21 / All) DOGSANDHORSE.RU: CANCEL
(30:22 / All) DOGSANDHORSE.RU: ALTAR